 Dungeon Crawl Stone Soup version 0.30-a0-359-gd0147acb1a (webtiles) character file.

Game seed: 2657178837390013841

11391 arthad the Protected (level 11, -14/103 HPs)
             Began as an Armataur Fighter on Nov 11, 2022.
             Was an Elder of Okawaru.
             Demolished by a boulder beetle (16 damage)
             ... on level 11 of the Dungeon.
             The game lasted 00:28:09 (11734 turns).

arthad the Protected (Armataur Fighter)            Turns: 11734, Time: 00:28:10

Health: -14/103    AC: 14    Str: 23    XL:     11   Next: 48%
Magic:  11/14      EV: 11    Int:  7    God:    Okawaru [****..]
Gold:   1054       SH:  7    Dex: 12    Spells: 10/10 levels left

rFire   + + .      SeeInvis .    q - +0 broad axe
rCold   . . .      Faith    .    H - +0 buckler
rNeg    . . .      Spirit   .    o - +0 swamp dragon scales
rPois   +          Reflect  .    w - +2 hat
rElec   .          Harm     .    F - +2 cloak
rCorr   +          Roll     +    Q - +0 pair of gloves
Will    +....                    (no barding)
Stlth   ++++......               (no amulet)
HPRegen 0.37/turn                f - ring of resist corrosion
MPRegen 0.14/turn                v - ring of protection from fire

@: heroic, corroded
A: large, rugged brown scales 3, deformed body, armoured tail, roll, long
tongue, awkward tongue, beak, dopey 1, fire resistance 1, strong-willed 1,
evolution 1, MP-powered wands
a: Renounce Religion, Heroism, Finesse


You were on level 11 of the Dungeon.
You worshipped Okawaru.
Okawaru was greatly pleased with you.
You visited 1 branch of the dungeon, and saw 11 of its levels.
You also visited: Sewer.

You collected 1054 gold pieces.

Inventory:

Hand Weapons
 a - a +0 war axe
 j - a +2 dagger of holy wrath
 q - a +0 broad axe (weapon)
 D - a +0 arbalest
 K - a +6 flail of draining
 R - the +4 rapier of Makhleb's Generosity {antimagic, *Rage rCorr Str+4 Stlth+}
   (You found it on level 10 of the Dungeon)

   It reduces the magical energy of the wielder, and disrupts the spells and
   magical abilities of those it strikes.
   Natural abilities and divine invocations are not affected.
   Str:       It affects your strength (+4).
   *Rage:     It berserks you when you make melee attacks (+20% chance).
   rCorr:     It protects you from acid and corrosion.
   Stlth:     It makes you more stealthy.
Missiles
 c - a javelin
 h - 10 boomerangs (quivered)
 n - 3 throwing nets
 r - 4 atropa-tipped darts
 C - 21 poisoned darts
Armour
 i - a +0 tower shield
 o - +0 swamp dragon scales (worn)
 w - a +2 hat (worn)
 F - a +2 cloak (worn)
 H - a +0 buckler (worn)
 Q - a +0 pair of gloves (worn)
Jewellery
 f - a ring of resist corrosion (left hand)
 v - a ring of protection from fire (right hand)
 S - a ring of protection from fire
Wands
 b - a wand of mindburst (1)
 d - a wand of polymorph (10)
 A - a wand of flame (10)
 J - a wand of digging (10)
 T - a wand of paralysis (14)
Scrolls
 e - 6 scrolls of teleportation
 g - a scroll of poison
 l - a scroll of summoning
 p - 11 scrolls of identify
 s - 4 scrolls of immolation
 y - a scroll of magic mapping
 E - a scroll of enchant armour {unknown}
 I - 3 scrolls of silence {unknown}
 M - a scroll of vulnerability
 V - a scroll of torment {unknown}
Potions
 k - a potion of mutation
 m - 6 potions of lignification
 t - a potion of magic
 u - 2 potions of cancellation
 x - 3 potions of brilliance
 z - 2 potions of degeneration {unknown}
 B - a potion of resistance
 L - a potion of flight {unknown}
 W - a potion of curing


   Skills:
 * Level 9.0(14.0) Fighting
 * Level 7.9(12.9) Axes
 + Level 10.4(15.4) Armour
 + Level 3.0(8.0) Dodging
 + Level 4.8(9.8) Stealth
 - Level 8.2(13.2) Shields
 + Level 4.1 Invocations


You had 10 spell levels left.
You didn't know any spells.
Your spell library contained the following spells:

 Spells                   Type           Power      Damage    Failure   Level
 Ensorcelled Hibernation  Hex/Ice        0%         N/A       71%         2
 Sublimation of Blood     Necr           0%         N/A       71%         2
 Gell's Gravitas          Tloc           0%         N/A       91%         3
 Lesser Beckoning         Tloc           0%         N/A       91%         3
 Ozocubu's Armour         Ice            0%         N/A       91%         3
 Spider Form              Tmut/Pois      0%         N/A       91%         3
 Teleport Other           Tloc           0%         N/A       91%         3
 Anguish                  Hex/Necr       0%         N/A       100%        4
 Petrify                  Tmut/Erth      0%         N/A       100%        4
 Irradiate                Conj/Tmut      0%         3d11      100%        5
 Ozocubu's Refrigeration  Ice            0%         4d7       100%        7
 Storm Form               Tmut/Air       0%         N/A       100%        7
 Maxwell's Capacitive Co  Air            0%         ∞         100%        8
 Summon Lightning Spire   Summ/Air       Unusable   N/A       N/A         4

Dungeon Overview and Level Annotations

Branches:
Dungeon (11/15)            Temple (0/1) D:6             Orc (0/2) D:10
  Sewer (visited)
   Lair: D:8-11

Altars:
Cheibriados
Dithmenos
Fedhas
Hepliaklqana
Kikubaaqudgha
Okawaru
Qazlal
Ru
Trog
Vehumet
Wu Jian
Xom
Zin
The Shining One


Innate Abilities, Weirdness & Mutations

You are completely covered in rugged brown scales. (AC +3, +7% HP)
Armour fits poorly on your strangely shaped body.
You have a long armoured tail.
You roll when moving toward enemies. (Rampage)
Your long tongue fully drains potion bottles. (2x potion effects)
Your tongue gives you trouble enunciating. (1.5x scroll delay)
You have a beak for a mouth.
You are dopey. (Int -2)
Your flesh is heat resistant. (rF+)
You are strong-willed. (Will+)
You have hidden genetic potential.
You expend magic power (3 MP) to strengthen your wands.


Message History

You kill the howler monkey!
Okawaru accepts your kill.
You miss the killer bee.
You feel sick. You block the killer bee's attack.
The centaur wields a +0 shortbow.
The centaur shoots an arrow.
You block the arrow. The hornet barely misses you.
The killer bee stings you but does no damage.
The hornet stings you but does no damage.
You slash the killer bee!
You kill the killer bee!
Okawaru accepts your kill.
The kobold demonologist returns to its original shape as it dies.
You hit the hornet but do no damage. You closely miss the kobold.
You feel yourself speed up.
You feel sick.
The centaur shoots an arrow.
You block the arrow. You block the hornet's attack.
The centaur shoots an arrow.
The arrow hits you! The kobold barely misses you.
The boulder beetle curls into a ball and begins rolling!
A boulder beetle comes into view.
A cyclops comes into view.
You block the hornet's attack.
The boulder beetle curls into a ball and begins rolling!
The kobold hits you with a +0 dagger.
The cyclops throws a large rock.
The large rock hits you but does no damage.
You are too injured to fight recklessly!
Unknown command.
You are too injured to fight recklessly!
Unknown command.
Unknown command.
The boulder beetle attacks as you move away!
The boulder beetle completely misses you.
The boulder beetle stops rolling and uncurls.
You feel sick. The kobold barely misses you.
You feel sick. You block the kobold's attack.
You roll towards the cyclops!
Found 18 gold pieces.
Found an escape hatch in the ceiling.
You feel sick.
You are no longer poisoned.
The boulder beetle hits you!!!
* * * LOW HITPOINT WARNING * * *
The boulder beetle stops rolling and uncurls.
Found 7 gold pieces.
The boulder beetle bites you!
You die...

##.......###..........
..#.....................
........................
...........(............
.<...............###....
................## ##...
.......C........# #...
................## #...
.......@B.By)c...###....
.......^.#K..)..........
........###††)........
$$.....## ##...........
#.....# ##.....[....
##.... .)......... ##...
............ ##..
......../.. ..........


You could see 2 boulder beetles, a cyclops, a hornet, a centaur and a kobold.

Vanquished Creatures
  Harold (D:9)
  2 two-headed ogres
  Lodul (D:10)
  A manticore (D:11)
  Maurice (D:10)
  2 kobold demonologists
  2 trolls
  A wraith (D:8)
  A shadow (D:9)
  4 water elementals (D:10)
  A wyvern (D:10)
  A steam dragon (D:7)
  Edmund (D:6)
  Menkaure (D:4)
  2 water moccasins
  Duvessa (D:6)
  4 black bears
  5 ice beasts
  An orc warrior (D:10)
  2 sky beasts
  8 ogres (D:10)
  3 centaurs
  A phantom (D:6)
  3 kobold brigands
  5 bullfrogs
  A scorpion (D:4)
  2 gnoll sergeants (D:9)
  Blork the orc (D:4)
  4 wights (D:8)
  Dowan (D:6)
  10 killer bees
  2 vampire bats (D:3)
  12 howler monkeys
  2 quasits (D:6)
  3 hounds
  2 jellies
  A gnoll bouda (D:9)
  5 orc priests
  Jessica (D:3)
  Ijyb (D:3)
  3 iguanas
  8 orc wizards
  Robin (D:3)
  6 adders
  18 gnolls
  2 shadow imps
  4 white imps
  9 ufetubi
  5 worms
  A dart slug (D:4)
  20 orcs
  6 bat skeletons (D:3)
  A bat zombie (D:3)
  9 endoplasms
  4 giant cockroaches
  14 goblins
  9 hobgoblins
  5 quokkas
  10 ball pythons
  3 bats
  8 frilled lizards
  24 kobolds
  5 rats
278 creatures vanquished.

Vanquished Creatures (others)
  A two-headed ogre (D:9)
  An orc (D:9)
  A demonic plant (D:6)
  9 fungi (D:11)
  6 plants
18 creatures vanquished.

Grand Total: 296 creatures vanquished

Notes
Turn   | Place    | Note
-------+----------+-------------------------------------------
     0 | D:1      | arthad the Armataur Fighter began the quest for the Orb.
     0 | D:1      | Reached XP level 1. HP: 19/19 MP: 1/1
   562 | D:1      | Reached XP level 2. HP: 26/26 MP: 2/2
   794 | D:2      | Found a shimmering altar of Xom.
  1157 | D:2      | Reached skill level 4 in Armour
  1541 | D:3      | Reached XP level 3. HP: 20/33 MP: 3/3
  1629 | D:3      | Found a stormy altar of Qazlal.
  1763 | D:3      | Noticed Robin
  1771 | D:3      | Killed Robin
  1772 | D:3      | Reached XP level 4. HP: 37/40 MP: 4/4
  2002 | D:3      | Found a glowing silver altar of Zin.
  2230 | D:3      | Noticed Jessica
  2237 | D:3      | Killed Jessica
  2238 | D:3      | Reached XP level 5. HP: 20/48 MP: 5/5
  2342 | D:3      | Found an ancient bone altar of Kikubaaqudgha.
  2364 | D:3      | Reached skill level 5 in Armour
  2417 | D:3      | Noticed Ijyb
  2428 | D:3      | Killed Ijyb
  2577 | D:4      | Found a sacrificial altar of Ru.
  2683 | D:4      | Noticed a black bear
  2685 | D:4      | Noticed Blork the orc
  2690 | D:4      | Killed a black bear
  2691 | D:4      | Reached XP level 6. HP: 47/55 MP: 6/6
  2694 | D:4      | Killed Blork the orc
  2695 | D:4      | Reached skill level 5 in Shields
  2765 | D:4      | Found an iron altar of Okawaru.
  2773 | D:4      | Became a worshipper of Warmaster Okawaru
  2861 | D:4      | Found a shimmering altar of Xom.
  3605 | D:4      | Reached XP level 7. HP: 41/64 MP: 7/7
  3729 | D:4      | Noticed Menkaure
  3735 | D:4      | Killed Menkaure
  3736 | D:4      | Reached skill level 6 in Armour
  4110 | D:5      | Entered Level 5 of the Dungeon
  4249 | D:5      | Found a snail-covered altar of Cheibriados.
  4298 | D:5      | Reached * piety under Okawaru
  4368 | D:5      | Found a glowing drain.
  4372 | Sewer    | Entered a sewer
  4511 | Sewer    | Reached skill level 5 in Fighting
  4511 | Sewer    | Reached XP level 8. HP: 60/72 MP: 8/8
  5273 | D:6      | Reached skill level 7 in Armour
  5415 | D:6      | Noticed Dowan
  5416 | D:6      | Noticed Duvessa
  5427 | D:6      | Killed Dowan
  5429 | D:6      | Killed Duvessa
  5447 | D:6      | Reached ** piety under Okawaru
  5575 | D:6      | Found a staircase to the Ecumenical Temple.
  5622 | D:6      | Noticed Edmund
  5640 | D:6      | Killed Edmund
  5807 | D:6      | Found Wuajyemired's Elemental Accessories.
  5903 | D:6      | Reached skill level 5 in Axes
  5906 | D:6      | Reached skill level 8 in Armour
  5907 | D:6      | Reached XP level 9. HP: 25/80 MP: 9/9
  6314 | D:6      | Noticed a kobold demonologist
  6315 | D:6      | Noticed a two-headed ogre
  6333 | D:6      | Killed a kobold demonologist
  6338 | D:6      | Killed a two-headed ogre
  6338 | D:6      | Reached *** piety under Okawaru
  6533 | D:6      | Noticed a troll
  6540 | D:6      | Killed a troll
  6541 | D:6      | Reached skill level 9 in Armour
  7055 | D:7      | Found a bloodstained altar of Trog.
  7073 | D:7      | Found a blossoming altar of Fedhas.
  7157 | D:7      | Reached skill level 1 in Stealth
  7435 | D:7      | Received a gift from Okawaru
  7436 | D:7      | Reached skill level 1 in Invocations
  7690 | D:8      | Reached XP level 10. HP: 92/92 MP: 10/10
  7697 | D:8      | Found an ornate altar of the Wu Jian Council.
  7713 | D:8      | Reached skill level 1 in Dodging
  7717 | D:8      | Gained mutation: Your flesh is heat resistant. (rF+)
                  | [potion of mutation]
  7717 | D:8      | Gained mutation: You expend magic power (3 MP) to
                  | strengthen your wands. [potion of mutation]
  7717 | D:8      | Gained mutation: You are dopey. (Int -2) [potion of
                  | mutation]
  7717 | D:8      | Gained mutation: You have a beak for a mouth. [potion of
                  | mutation]
  7717 | D:8      | Gained mutation: You have hidden genetic potential. [potion
                  | of mutation]
  7842 | D:8      | Reached **** piety under Okawaru
  8160 | D:8      | You fall into a shaft and drop 2 floors!
  8160 | D:10     | Entered Level 10 of the Dungeon
  8278 | D:10     | Noticed a two-headed ogre
  8291 | D:10     | Killed a two-headed ogre
  8346 | D:10     | Identified the +4 rapier of Makhleb's Generosity
                  | {antimagic, *Rage rCorr Str+4 Stlth+}
  8597 | D:8      | Found a radiant altar of Vehumet.
  8597 | D:8      | Found a hazy altar of Hepliaklqana.
  8856 | D:8      | Found a glowing golden altar of the Shining One.
  9491 | D:9      | Noticed a two-headed ogre
  9502 | D:9      | Noticed Harold
  9507 | D:9      | Killed a two-headed ogre
  9518 | D:9      | Killed Harold
  9518 | D:9      | Reached ***** piety under Okawaru
  9518 | D:9      | Identified the +0 barding of Boredom {+Blink rN+ Int+2}
                  | (Okawaru gifted it to you on level 9 of the Dungeon)
  9518 | D:9      | Received a gift from Okawaru
  9519 | D:9      | Reached skill level 10 in Armour
  9735 | D:9      | Found a shadowy altar of Dithmenos.
  9784 | D:9      | Reached XP level 11. HP: 96/101 MP: 13/13
 10444 | D:10     | Noticed Lodul
 10472 | D:10     | Killed Lodul
 10487 | D:10     | Gained mutation: You are strong-willed. (Will+) [hidden
                  | potential]
 10987 | D:10     | Found a staircase to the Orcish Mines.
 11103 | D:10     | Noticed Maurice
 11134 | D:10     | Killed Maurice
 11724 | D:11     | Noticed a boulder beetle
 11730 | D:11     | Noticed a boulder beetle
 11733 | D:11     | HP: 2/103 [boulder beetle (38)]
 11734 | D:11     | Demolished by a boulder beetle

Illustrated notes

Levels and vault maps discovered:
D:1:      dreamdust_arrival_beginning_and_end, layout_loops_ring
D:2:      layout_basic, basic_altar
D:3:      layout_loops_ring, kennysheep_vampire_church, grunt_qazlal_sundering,
          zin_treasury, uniq_jessica, uniq_ijyb, uniq_robin
D:4:      minmay_razor_zed, layout_layer_cave, okawaru_trees_1,
          nicolae_ru_path_of_blood, lemuel_tele_altar,
          hangedman_decor_clover_reticule, minmay_misc_feat_encased,
          minmay_misc_feat_hallway, st_stairs_12, uniq_menkaure,
          uniq_blork_the_orc
D:5:      wander_river, layout_cave_pools, lemuel_doored_altar,
          gup_sewer_entry_spiral
D:6:      minmay_chambers_of_sixes, layout_rooms,
          minmay_temple_entry_sparse_star, serial_demonic, serial_demonic_b,
          serial_demonic_f, serial_demonic_g, serial_demonic_b,
          serial_demonic_c, serial_demonic_b, nicolae_elemental_shop,
          grunt_decor_mini_mirrors, uniq_edmund, uniq_duvessa
D:7:      layout_loops_corners, kennysheep_mini,
          mainiacjoe_overflow_concentric_impassable
D:8:      layout_gridville, mainiacjoe_overflow_small_starburst,
          marbit_many_paths, nicolae_overflow_two_pavilions
D:9:      layout_basic, mainiacjoe_overflow_brackets, uniq_harold
D:10:     layout_basic, orc_0_dummy, nicolae_underground_beach, uniq_lodul,
          uniq_maurice
D:11:     layout_big_octagon, grunt_lair_entry_orc_guard_hut,
          gammafunk_ghost_nasty_kobolds, nicolae_inconvenience_store

Skill      XL: |  1  2  3  4  5  6  7  8  9 10 11 |
---------------+----------------------------------+-----
Armour         | 4 5 6 8 9 10 | 10.4
Fighting       | 3 4 5 6 7 8 9 |  9.0
Axes           | 2 3 4 5 6 7 |  7.9
Shields        | 4 5 6 7 8 |  8.2
Stealth        | 1 3 4 |  4.8
Invocations    | 1 3 4 |  4.1
Dodging        | 2 3 |  3.0

Action                   |  1- 3 |  4- 6 |  7- 9 | 10-12 || total
-------------------------+-------+-------+-------+-------++-------
Melee: War axe           |    85 |   143 |   318 |    44 ||   590
       Tailslap          |     8 |    17 |    37 |    42 ||   104
       Flail             |       |       |       |    99 ||    99
       Broad axe         |       |       |       |   159 ||   159
       Peck              |       |       |       |    54 ||    54
Throw: Boomerang         |       |     1 |       |       ||     1
Invok: Heroism           |       |       |     6 |     4 ||    10
       Finesse           |       |       |       |     1 ||     1
Evoke: Wand              |       |     1 |     6 |     1 ||     8
  Use: Potion            |       |     1 |     1 |    16 ||    18
       Scroll            |       |       |     8 |     1 ||     9
 Stab: Invisible         |       |       |       |    17 ||    17
       Held in net/web   |       |       |       |     3 ||     3
       Distracted        |       |       |       |     1 ||     1
Armor: Scale mail        |    24 |       |       |       ||    24
       Swamp dragon scal |    12 |   121 |   278 |   277 ||   688
Dodge: Dodged            |    41 |    79 |   203 |   237 ||   560
Block: Buckler           |    20 |    36 |   107 |   156 ||   319

Table legend: (Time is in decaauts)
 A = Elapsed time spent in this place.
 B = Non-inter-level travel time spent in this place.
 C = Inter-level travel time spent in this place.
 D = Time resting spent in this place.
 E = Time spent auto-exploring this place.
 F = Levels seen in this place.
 G = Mean time per level.
                   A        B        C        D        E       F      G
               +--------+--------+--------+--------+--------+-----+--------+
         Total |  12036 |  11755 |    281 |   1123 |   8567 |  12 | 1003.0 |
       Dungeon |  11695 |  11414 |    281 |   1123 |   8362 |  11 | 1063.2 |
         Sewer |    341 |    341 |      0 |      0 |    205 |   1 |  341.0 |
               +--------+--------+--------+--------+--------+-----+--------+

Top non-repeatable levels by time:
     D:4: 1664 daAuts
     D:9: 1454 daAuts
     D:6: 1383 daAuts
     D:8: 1371 daAuts
    D:10: 1045 daAuts
     D:7: 1040 daAuts
     D:3: 1003 daAuts
     D:5: 922 daAuts
     D:2: 791 daAuts
     D:1: 742 daAuts
   Sewer: 341 daAuts
    D:11: 273 daAuts
